 Dungeon Crawl Stone Soup version 0.32-a0-422-g28b100f618 (webtiles) character file.

Game seed: 4461229755823137624

13689 Bravepunisher the Demolition Spriggan (level 11, -3/58 HPs)
             Began as a Spriggan Monk on Feb 21, 2024.
             Was an Elder of Makhleb.
             Slain by a two-headed ogre
             ... wielding a +0 giant club
              (29 damage)
             ... on level 12 of the Dungeon.
             The game lasted 00:44:15 (8715 turns).

Bravepunisher the Demolition Spriggan (SpMo)        Turns: 8715, Time: 00:44:16

Health: -3/58      AC:  8    Str: 17    XL:     11   Next: 78%
Magic:  21/21      EV: 43    Int: 12    God:    Makhleb [****..]
Gold:   754        SH:  0    Dex: 30    Spells: 10/10 levels left

rFire   . . .        j - +10 short sword of Bravepunisher's Doom {distort, Dex+2 Stlth+}
rCold   . . .        (no shield)
rNeg    + . .        D - +0 steam dragon scales
rPois   .            (helmet restricted)
rElec   .            p - +1 cloak of Hide-and-Seek {rN+ Str+4 SInv}
rCorr   .            (gloves unavailable)
SInv    +            (boots unavailable)
Will    +....        a - amulet of the acrobat
Stlth   +++          w - +6 ring of strength
HPRegen 0.29/turn    h - +6 ring of dexterity
MPRegen 0.17/turn

%: acrobat
@: acrobatic, very quick
A: very small, no large weapons, unfitting armour, see invisible, speed 3
a: Renounce Religion, Minor Destruction, Lesser Servant of Makhleb, Major
Destruction


You were on level 12 of the Dungeon.
You worshipped Makhleb.
Makhleb was greatly pleased with you.
You visited 4 branches of the dungeon, and saw 15 of its levels.
You also visited: Sewer and Gauntlet.

You collected 754 gold pieces.

Inventory:

Hand Weapons
 j - the +10 short sword of Bravepunisher's Doom (weapon) {distort, Dex+2 Stlth+}
   (You found it on level 5 of the Dungeon)

   Dex+2:     It affects your dexterity (+2).
   Stlth+:    It makes you more stealthy.
Armour
 p - the +1 cloak of Hide-and-Seek (worn) {rN+ Str+4 SInv}
   (You found it in a Gauntlet)

   Str+4:     It affects your strength (+4).
   rN+:       It protects you from negative energy.
   SInv:      It lets you see invisible.
 D - +0 steam dragon scales (worn)
Jewellery
 a - an amulet of the acrobat (around neck)
 h - a +6 ring of dexterity (right hand)
 w - a +6 ring of strength (left hand)
Talismans
 i - a beast talisman
Wands
 k - a wand of charming (38)
 q - a wand of flame (20)
 z - a wand of quicksilver (2)
Scrolls
 b - a scroll of blinking
 e - a scroll of brand weapon
 f - 4 scrolls of enchant weapon
 g - a scroll of identify
 m - 2 scrolls of teleportation
 n - a scroll of acquirement {unknown}
 t - a scroll of revelation
Potions
 c - 2 potions of ambrosia
 d - 3 potions of might
 o - 2 potions of haste
Miscellaneous
 l - a sack of spiders


   Skills:
 + Level 7.6 Fighting
 + Level 7.4 Short Blades
 - Level 5.2 Armour
 - Level 8.6 Dodging
 * Level 13.3 Invocations


You had 10 spell levels left.
You didn't know any spells.
Your spell library contained the following spells:

 Spells                   Type           Power      Damage    Failure   Level
 Call Imp                 Summ           0%         N/A       45%         2
 Scorch                   Fire           0%         2d5       45%         2
 Sublimation of Blood     Necr           0%         N/A       45%         2
 Ozocubu's Armour         Ice            0%         N/A       69%         3
 Cause Fear               Hex            0%         N/A       97%         4
 Flame Wave               Conj/Fire      0%         2d4       97%         4
 Vhi's Electric Charge    Tloc/Air       0%         N/A       97%         4
 Fireball                 Conj/Fire      0%         3d3       100%        5
 Metabolic Englaciation   Hex/Ice        0%         N/A       100%        5
 Sculpt Simulacrum        Ice/Alch       0%         N/A       100%        6
 Summon Cactus Giant      Summ           0%         N/A       100%        6
 Summon Hydra             Summ           0%         N/A       100%        7
 Maxwell's Capacitive Co  Air            0%         ∞         100%        8
 Dragon's Call            Summ           0%         N/A       100%        9


Dungeon Overview and Level Annotations

Branches:
Dungeon (12/15)            Temple (1/1) D:7            Lair (1/5) D:9
    Orc (1/2) D:10          Sewer (visited)         Gauntlet (visited)

Altars:
Ashenzari
Cheibriados
Dithmenos
Elyvilon
Fedhas
Kikubaaqudgha
Makhleb
Nemelex Xobeh
Okawaru
Qazlal
Ru
Sif Muna
Trog
Uskayaw
Vehumet
Wu Jian
Xom
Yredelemnul
Zin
The Shining One

Shops:
D:5 *   D:7 :   D:8 !   Orc:1 ?

Annotations:
D:5 Sigmund
D:6 2 transporters, SirDiesAlot's ghost, novice OpAl
D:11 Amaemon; Nergalle


Innate Abilities, Weirdness & Mutations

You are very small and have problems with some larger weapons.
You are too small for most types of armour.
You have supernaturally acute eyesight. (SInv)
You cover ground extremely quickly. (Speed+++)


Message History

The fire elemental completely misses you. x2
A two-headed ogre comes into view. It is wielding two +0 giant clubs.
The deep elf pyromancer gestures wildly while chanting.
Unknown command.
Aiming: Minor Destruction (0% risk of failure)
Press: ? - help, Shift-Dir - straight line, f/p - deep elf pyromancer
Aim: a deep elf pyromancer, wielding a +0 rapier and wearing a +0 ring mail (severely wounded)
The stone arrow hits the fire elemental!
The fire elemental is moderately damaged.
The fire elemental disappears in a puff of smoke!
The fire elemental hits you. The fire elemental burns you!
A demon appears!
The fire elemental hits you. The fire elemental burns you!
The fire elemental misses you.
Unknown command.
Aiming: Minor Destruction (0% risk of failure)
Press: ? - help, Shift-Dir - straight line, f/p - deep elf pyromancer
Aim: a deep elf pyromancer, wielding a +0 rapier and wearing a +0 ring mail (severely wounded)
Okay, then.
Unknown command.
What are your orders? t - Shout!
Orders for allies: a - Attack new target. p - Attack previous target. r - Retreat! s - Stop attacking. g - Guard the area. f - Follow me.
Anything else - Cancel.
Gang up on whom?
Press: ? - help, Dir - move target, f/p - deep elf pyromancer
Aim: a deep elf pyromancer, wielding a +0 rapier and wearing a +0 ring mail (severely wounded) Attack!
The deep elf pyromancer casts a spell at you.
The bolt of fire hits your orange demon!!
The bolt of fire hits the fire elemental.
The fire elemental completely resists.
The bolt of fire misses you.
Your orange demon stings the deep elf pyromancer.
Your orange demon hits the deep elf pyromancer.
The fire elemental closely misses you.
The deep elf pyromancer hits your orange demon with a +0 rapier.
The two-headed ogre hits you with a +0 giant club!!
Ouch! That really hurt!
You die...

#...#........# #.#
#####....>...# #.#
..........##.#
.##....~....#.#######
#.........#.#.....#
≈≈≈≈≈≈≈.#.###.##
#######.........
..###############.###.##
......O@.E○4eEE°#.#.#.#
###.###########.#.#.#.#
#○#...#.## #.###.#...
#.....#### #######


You could see a two-headed ogre, a deep elf pyromancer (distracted, ally
target), 3 fire elementals and a friendly orange demon (summoned).

Vanquished Creatures
  A minotaur (Gauntlet)
  A boulder beetle (D:11)
  A two-headed ogre (Orc:1)
  Sonja (D:11)
  A manticore (D:11)
  Maurice (D:7)
  2 gargoyles
  Joseph (D:9)
  An unseen horror (D:11)
  2 kobold demonologists (D:11)
  Psyche (D:12)
  4 trolls
  A slime creature (D:12)
  A shadow (D:11)
  A wraith (D:12)
  2 wyverns
  2 steam dragons
  A yak (D:10)
  Menkaure (D:7)
  An acid dragon (D:9)
  3 water moccasins
  An orc warrior (D:9)
  A sky beast (D:7)
  2 black bears (D:9)
  An ice beast (D:6)
  11 centaurs
  8 wolves (Gauntlet)
  A phantom (D:6)
  4 kobold brigands
  7 bullfrogs
  A scorpion (D:9)
  7 wights
  9 killer bees
  An electric eel (D:9)
  4 howler monkeys
  2 bombardier beetles
  A jelly (D:5)
  An iguana (D:6)
  2 sleepcaps
  11 orc wizards
  7 adders
  3 river rats (Sewer)
  2 shadow imps
  4 ufetubi
  6 ribbon worms
  24 orcs
  2 ball pythons
  3 endoplasms (Sewer)
  3 giant cockroaches
  3 goblins
  15 kobolds
  5 quokkas
  2 bats (D:1)
  2 frilled lizards (D:1)
  3 rats
  A butterfly (D:8)
190 creatures vanquished.

Vanquished Creatures (collateral kills)
  A moth of wrath (Gauntlet)
1 creature vanquished.

Vanquished Creatures (others)
  An orc wizard (Orc:1)
  A rat (Sewer)
2 creatures vanquished.

Grand Total: 193 creatures vanquished

Notes
Turn   | Place    | Note
-------+----------+-------------------------------------------
     0 | D:1      | Bravepunisher the Spriggan Monk began the quest for the
                  | Orb.
     0 | D:1      | Reached XP level 1. HP: 11/11 MP: 2/2
    97 | D:1      | Reached XP level 2. HP: 16/16 MP: 3/3
   299 | D:1      | Reached skill level 5 in Dodging
   384 | D:4      | Noticed a bombardier beetle
   416 | D:5      | Entered Level 5 of the Dungeon
   442 | D:5      | Found Sashrysa's Neck Hole.
   476 | D:5      | Noticed a bombardier beetle
   496 | D:5      | Identified the +10 short sword of Bravepunisher's Doom
                  | {distort, Dex+2 Stlth+}
   527 | D:5      | Reached XP level 3. HP: 19/19 MP: 4/4
   540 | D:5      | Reached XP level 4. HP: 23/24 MP: 5/5
   620 | D:6      | Noticed a wyvern
   622 | D:6      | Found an ancient bone altar of Kikubaaqudgha.
   624 | D:6      | Noticed a water moccasin
   638 | D:6      | Found a transporter.
   684 | D:6      | Noticed a phantom
   741 | D:5      | Noticed Sigmund
   857 | D:4      | Reached XP level 5. HP: 22/28 MP: 6/6
  1198 | D:6      | Found a glowing drain.
  1212 | D:6      | Noticed a centaur
  1219 | D:6      | Killed a centaur
  1220 | D:6      | Reached XP level 6. HP: 32/33 MP: 7/7
  1239 | D:7      | Noticed a wyvern
  1240 | D:7      | Found a blossoming altar of Fedhas.
  1249 | D:7      | Noticed a sky beast
  1254 | D:7      | Found a staircase to the Ecumenical Temple.
  1263 | Temple   | Entered the Ecumenical Temple
  1290 | Temple   | Became a worshipper of Makhleb the Destroyer
  1290 | Temple   | Reached * piety under Makhleb
  1290 | Temple   | Reached ** piety under Makhleb
  1326 | D:6      | Noticed an ice beast
  1330 | D:6      | Noticed a water moccasin
  1337 | D:6      | Killed a water moccasin
  1338 | D:6      | Reached skill level 2 in Invocations
  1341 | D:6      | Killed an ice beast
  1342 | D:6      | Reached skill level 3 in Invocations
  1350 | D:6      | Reached XP level 7. HP: 31/37 MP: 8/10
  1366 | D:6      | Found a glowing silver altar of Zin.
  1378 | D:6      | Killed a wyvern
  1379 | D:6      | Reached skill level 4 in Invocations
  1383 | D:6      | Reached skill level 5 in Invocations
  1420 | Sewer    | Entered a sewer
  1562 | Sewer    | Reached skill level 6 in Invocations
  2111 | D:6      | Reached XP level 8. HP: 42/42 MP: 12/14
  2274 | D:6      | Found a transporter.
  2278 | D:6      | Noticed SirDiesAlot's ghost (novice OpAl)
  2337 | D:6      | Reached skill level 7 in Invocations
  2500 | D:7      | Noticed Menkaure
  2505 | D:7      | Killed Menkaure
  2510 | D:7      | Reached *** piety under Makhleb
  2519 | D:7      | Reached skill level 8 in Invocations
  2578 | D:7      | Noticed Maurice
  2589 | D:7      | Maurice stole a beast talisman
  2594 | D:7      | Killed Maurice
  2595 | D:7      | Reached skill level 9 in Invocations
  2639 | D:7      | Found Hopued's Book Boutique.
  2780 | D:7      | Reached XP level 9. HP: 43/46 MP: 15/17
  3153 | D:8      | Reached skill level 5 in Fighting
  3428 | D:8      | Reached skill level 10 in Invocations
  3779 | D:8      | Found Xozugoub's Distillery.
  4083 | D:9      | Got the Anthology of the Cumulonimbus
  4482 | D:9      | Reached skill level 1 in Armour
  4520 | D:9      | Reached skill level 11 in Invocations
  4551 | D:9      | Found a staircase to the Lair.
  4600 | D:9      | Found a snail-covered altar of Cheibriados.
  4611 | D:9      | Noticed Joseph
  4616 | D:9      | Killed Joseph
  4616 | D:9      | Reached **** piety under Makhleb
  4617 | D:9      | Reached XP level 10. HP: 53/53 MP: 19/19
  5348 | Lair:1   | Entered Level 1 of the Lair of Beasts
  5366 | D:10     | Entered Level 10 of the Dungeon
  5467 | D:10     | Found a transporter.
  5473 | D:10     | Found a transporter.
  5473 | D:10     | Found a transporter.
  5497 | D:10     | Found a staircase to the Orcish Mines.
  5600 | D:10     | Found a sparkling altar of Nemelex Xobeh.
  5776 | D:10     | Found a transporter.
  5960 | D:10     | Found an iron altar of Okawaru.
  6118 | D:10     | Found an ornate altar of the Wu Jian Council.
  6213 | Orc:1    | Entered Level 1 of the Orcish Mines
  6213 | Orc:1    | Noticed a two-headed ogre
  6213 | Orc:1    | Found Mefryuxo's Magic Scroll Shop.
  6221 | Orc:1    | Killed a two-headed ogre
  6222 | Orc:1    | Reached skill level 12 in Invocations
  6437 | D:11     | Reached skill level 5 in Short Blades
  6439 | D:11     | Noticed a boulder beetle
  6544 | D:11     | Killed a boulder beetle
  6640 | D:11     | Noticed a manticore
  6655 | D:11     | Killed a manticore
  6656 | D:11     | Reached XP level 11. HP: 58/58 MP: 21/21
  6657 | D:11     | Found a gate leading to a gauntlet.
  6661 | Gauntlet | Entered a Gauntlet
  6661 | Gauntlet | Found a transporter.
  6670 | Gauntlet | Found a transporter.
  6677 | Gauntlet | Found a transporter.
  6692 | Gauntlet | Found a transporter.
  6698 | Gauntlet | Found a transporter.
  6718 | Gauntlet | Found a transporter.
  6720 | Gauntlet | Noticed a hell hog
  6732 | Gauntlet | Found a transporter.
  6744 | Gauntlet | Found a transporter.
  6745 | Gauntlet | Noticed a cacodemon
  6756 | Gauntlet | Found a transporter.
  6771 | Gauntlet | Found a transporter.
  6771 | Gauntlet | Found a transporter.
  6788 | Gauntlet | Found a transporter.
  6800 | Gauntlet | Found a transporter.
  6817 | Gauntlet | Found a transporter.
  6835 | Gauntlet | Found a transporter.
  6836 | Gauntlet | Noticed a purple ugly thing
  6836 | Gauntlet | Noticed a great orb of eyes
  6837 | Gauntlet | Found a transporter.
  6837 | Gauntlet | Noticed a purple ugly thing
  6845 | Gauntlet | Noticed a necromancer
  6886 | Gauntlet | Found a transporter.
  6911 | Gauntlet | Found a transporter.
  7020 | Gauntlet | Identified the +0 hat of Tartarus {rElec rF- Int+3 Stlth+}
  7027 | Gauntlet | Noticed a minotaur
  7045 | Gauntlet | Found the +2 cloak of the Thief {*Fog Slay-2 SInv Stlth+}
  7185 | Gauntlet | Killed a minotaur
  7304 | Gauntlet | Identified the +1 cloak of Hide-and-Seek {rN+ Str+4 SInv}
  7588 | D:11     | Noticed Amaemon
  7642 | D:11     | Noticed Sonja
  7708 | D:11     | Killed Sonja
  7799 | D:11     | Reached skill level 5 in Armour
  8238 | D:11     | Noticed Nergalle
  8502 | D:12     | Reached skill level 13 in Invocations
  8621 | D:12     | Noticed Psyche
  8624 | D:12     | Killed Psyche
  8699 | D:12     | Noticed a deep elf pyromancer
  8710 | D:12     | Noticed a two-headed ogre
  8715 | D:12     | Slain by a two-headed ogre

Illustrated notes

Levels and vault maps discovered:
D:1:      matt_arrival_grand_opening, layout_loops_ring, grunt_decor_one_mirror
D:2:      layout_basic, shapermc_ecumenical_altar_mp_urbaneastern, basic_altar,
          uniq_robin
D:3:      layout_rooms, nicolae_hepliaklqana_hippocampus, dk_noncrumbling_3,
          kennysheep_path_1, minmay_strange_pillars
D:4:      layout_layer_cave, grunt_gozag_breadcrumbs, gammafunk_ghost_grave
D:5:      layout_basic, nicolae_shop_sticking_my_neck_out, uniq_sigmund
D:6:      layout_cave_pools, zin_scriptorium, general_overflow_altar,
          gammafunk_ghost_stat_death, gup_sewer_entry_glass
D:7:      layout_rooms, mainiacjoe_overflow_catwalk,
          minmay_temple_entry_butterflies, serial_shops,
          nicolae_shop_tiny_real_fake_doors, uniq_maurice, uniq_menkaure
D:8:      layout_basic, serial_shops, shop, minmay_misc_feat_roman
D:9:      layout_small_grid, slow_altar_1, due_lair_maze_entry_diamond,
          kennysheep_cluttered_room, uniq_joseph
D:10:     layout_loops_ring, mainiacjoe_overflow_six_doors_small,
          marbit_many_paths, nemelex_diamond_rough_becter, orc_0_dummy,
          nicolae_transporter_circle
D:11:     layout_stronghold, gauntlet_entry_generic, uniq_sonja, uniq_amaemon,
          uniq_nergalle
D:12:     layout_basic, serial_rivers, chequers_serial_rivers_small_b,
          chequers_serial_rivers_micro_a, chequers_serial_rivers_small_3,
          chequers_serial_rivers_micro_e, chequers_serial_rivers_small_a,
          chequers_serial_rivers_micro_e, serial_park_tiny_2,
          evilmike_ruin_ashenzari, uniq_josephine, uniq_psyche
Temple:   oiseaux_autumnal_temple
Lair:1:   cheibrodos_lair_river_kwai, layout_cave_pods
Orc:1:    layout_diamond_mine, serial_shops, shop, shop

Skill      XL: |  1  2  3  4  5  6  7  8  9 10 11 |
---------------+----------------------------------+-----
Dodging        | 5 6 7 8 |  8.6
Fighting       | 3 4 6 7 |  7.6
Invocations    | 3 6 9 11 12 13 | 13.3
Armour         | 2 3 5 |  5.2
Short Blades   | 5 7 |  7.4

Action                     |  1- 3 |  4- 6 |  7- 9 | 10-12 || total
---------------------------+-------+-------+-------+-------++-------
  Melee: Short sword       |    63 |    51 |   144 |   183 ||   441
  Throw: Throwing net      |       |       |       |     1 ||     1
 Invoke: Minor Destruction |       |     9 |   118 |   125 ||   252
         Lesser Servant of |       |       |     1 |    10 ||    11
  Evoke: Wand              |       |     1 |     6 |     1 ||     8
    Use: Scroll            |       |       |       |    18 ||    18
         Potion            |       |       |       |    10 ||    10
   Stab: Sleeping          |       |     1 |       |       ||     1
         Distracted        |       |       |       |     1 ||     1
         Held in net/web   |       |       |       |     1 ||     1
 Armour: Robe              |    13 |     6 |    21 |       ||    40
         Steam dragon scal |       |       |    13 |    55 ||    68
  Dodge: Dodged            |    58 |    49 |   121 |   289 ||   517

Table legend: (Time is in decaauts)
 A = Elapsed time spent in this place.
 B = Non-inter-level travel time spent in this place.
 C = Inter-level travel time spent in this place.
 D = Time resting spent in this place.
 E = Time spent auto-exploring this place.
 F = Levels seen in this place.
 G = Mean time per level.
                   A        B        C        D        E       F      G
               +--------+--------+--------+--------+--------+-----+--------+
         Total |   6219 |   6048 |    171 |    391 |   3613 |  17 |  365.8 |
       Dungeon |   5003 |   4872 |    131 |    388 |   3063 |  12 |  416.9 |
        Temple |     34 |      3 |     31 |      0 |      0 |   1 |   34.0 |
          Lair |      2 |      2 |      0 |      0 |      0 |   1 |    2.0 |
  Orcish Mines |    123 |    115 |      8 |      3 |     75 |   1 |  123.0 |
         Sewer |    583 |    583 |      0 |      0 |    363 |   1 |  583.0 |
      Gauntlet |    473 |    473 |      0 |      0 |    111 |   1 |  473.0 |
               +--------+--------+--------+--------+--------+-----+--------+

Top non-repeatable levels by time:
     D:9: 982 daAuts
    D:11: 974 daAuts
     D:8: 707 daAuts
   Sewer: 583 daAuts
    D:10: 577 daAuts
Gauntlet: 473 daAuts
     D:6: 468 daAuts
     D:7: 347 daAuts
     D:5: 260 daAuts
     D:1: 233 daAuts
     D:4: 218 daAuts
    D:12: 212 daAuts
   Orc:1: 123 daAuts
  Temple: 34 daAuts
     D:3: 15 daAuts
